 Dungeon Crawl Stone Soup version 0.25-a0-253-g6f1b5d974a (webtiles) character file.

Game seed: 6626482191734393027, levelgen mode: deterministic

765 MisterFreud the Shield-Bearer (level 7, -2/60 HPs)
             Began as a Gnoll Fighter on Dec 5, 2019.
             Was an Initiate of Ashenzari.
             Slain by an orc warrior
             ... wielding a +0 scimitar
              (13 damage)
             ... on level 6 of the Dungeon.
             The game lasted 00:07:53 (5178 turns).

MisterFreud the Shield-Bearer (Gnoll Fighter)       Turns: 5178, Time: 00:07:53

Health: -2/60      AC: 10    Str: 19    XL:     7   Next: 81%
Magic:  11/11      EV:  9    Int: 12    God:    Ashenzari [......]
Gold:   383        SH: 12    Dex: 14    Spells: 11/11 levels left

rFire    . . .     SeeInvis .   l - +1 hunting sling (curse)
rCold    . . .     Gourm    .   c - +1 shield
rNeg     . . .     Faith    .   b - +0 scale mail
rPois    .         Spirit   .   o - +0 helmet
rElec    .         Reflect  .   (no cloak)
rCorr    .         Harm     .   e - +0 pair of gloves
MR       .....     Rnd*Tele +   (no boots)
Stlth    +.........             (no amulet)
HPRegen  0.20/turn              C - ring of teleportation (curse)
MPRegen  0.12/turn              (no ring)

@: no status effects
A: distributed training, fangs 1, strong nose
a: Curse Item, Renounce Religion


You were on level 6 of the Dungeon.
You worshipped Ashenzari.
Ashenzari was noncommittal.
You were not hungry.

You visited 2 branches of the dungeon, and saw 7 of its levels.

You collected 383 gold pieces.

Inventory:

Hand Weapons
 a - a +0 long sword
 l - a cursed +1 hunting sling (weapon)
Missiles
 g - 45 bolts
 i - 100 stones (quivered)
 p - 6 poisoned darts
 r - 4 silver boomerangs
 s - 38 sling bullets
 v - 49 arrows
Armour
 b - a +0 scale mail (worn)
 c - a +1 shield (worn)
 e - a +0 pair of gloves (worn)
 o - a +0 helmet (worn)
Jewellery
 C - a cursed ring of teleportation (left hand)
Wands
 q - a wand of acid (5)
Scrolls
 j - a scroll of enchant armour
 m - a scroll of fog
 t - 2 scrolls of amnesia
 y - a scroll of magic mapping
 z - 3 scrolls of teleportation {unknown}
Potions
 d - a potion of might
 h - a potion of lignification {unknown}
 k - a potion of invisibility {unknown}
 n - 2 potions of mutation
 u - a potion of degeneration {unknown}
 w - 6 potions of curing {unknown}
 x - 2 potions of agility
Comestibles
 f - 9 rations


   Skills:
 + Level 7.1 Fighting
 + Level 2.6 Short Blades
 + Level 5.3 Long Blades
 + Level 2.6 Axes
 + Level 2.6 Maces & Flails
 + Level 2.6 Polearms
 + Level 2.6 Staves
 + Level 2.6 Slings
 + Level 2.6 Bows
 + Level 2.6 Crossbows
 + Level 2.6 Throwing
 + Level 7.1 Armour
 + Level 2.6 Dodging
 + Level 2.6 Stealth
 + Level 7.1 Shields
 + Level 2.6 Unarmed Combat
 + Level 2.6 Spellcasting
 + Level 2.1 Conjurations
 + Level 2.1 Hexes
 + Level 2.1 Charms
 + Level 2.1 Summonings
 + Level 2.1 Necromancy
 + Level 2.1 Translocations
 + Level 2.1 Transmutations
 + Level 2.1 Fire Magic
 + Level 2.1 Ice Magic
 + Level 2.1 Air Magic
 + Level 2.1 Earth Magic
 + Level 2.1 Poison Magic
 + Level 3.0 Invocations
 + Level 2.6 Evocations


You had 11 spell levels left.
You didn't know any spells.
Your spell library was empty.

Dungeon Overview and Level Annotations

Branches:
Dungeon (6/15)             Temple (1/1) D:5

Altars:
Ashenzari
Dithmenos
Nemelex Xobeh
Okawaru
Sif Muna
Vehumet
Wu Jian
Xom


Innate Abilities, Weirdness & Mutations

Your experience applies equally to all skills.
You have very sharp teeth.
Your uncanny sense of smell can sniff out nearby items.


Message History

Press: ? - help, Shift-Dir - straight line, f/p - orc warrior
Aim: an orc warrior, wielding a +0 scimitar and wearing a cursed +0 chain mail You shoot a stone.
The stone hits the orc warrior but does no damage.
The orc warrior hits you with a +0 scimitar!
Firing (i - inventory. (/) - cycle)
i - 102 stones (quivered)
Press: ? - help, Shift-Dir - straight line, f/p - orc warrior
Aim: an orc warrior, wielding a +0 scimitar and wearing a cursed +0 chain mail You shoot a stone.
The stone completely misses the orc warrior.
The stone barely misses the orc priest.
The orc warrior hits you with a +0 scimitar!!
* * * LOW HITPOINT WARNING * * *
Firing (i - inventory. (/) - cycle)
i - 101 stones (quivered)
Press: ? - help, Shift-Dir - straight line, f/p - orc warrior
Aim: an orc warrior, wielding a +0 scimitar and wearing a cursed +0 chain mail You shoot a stone.
The stone hits the orc warrior.
The orc warrior is lightly wounded.
The orc warrior hits you with a +0 scimitar!
You die...

∆ ########..
#{Z(...... ∆
#o#..(....
#o#..o((..
#@#.....(.
#.#....Z.(
..........
.#.........
#.###.......
. ... ##
###. ..


You could see an orc warrior, an orc priest and a hound skeleton.

Vanquished Creatures
  A water moccasin (D:5)
  A phantom (D:4)
  A centaur (D:4)
  2 jellies
  3 hounds
  3 orc priests
  An orc wizard (D:2)
  2 worker ants
  8 adders
  An ooze (D:3)
  2 worms
  2 dart slugs
  3 leopard geckos
  7 orcs
  7 giant cockroaches
  6 goblins
  7 hobgoblins
  4 jackals
  3 quokkas
  3 ball pythons
  10 bats
  12 frilled lizards
  5 kobolds
  A leopard gecko skeleton (D:5)
  10 rats
  A fungus (D:3)
106 creatures vanquished.

Vanquished Creatures (others)
  3 toadstools (D:3)
3 creatures vanquished.

Grand Total: 109 creatures vanquished

Notes
Turn   | Place    | Note
-------+----------+-------------------------------------------
     0 | D:1      | MisterFreud the Gnoll Fighter began the quest for the Orb.
     0 | D:1      | Reached XP level 1. HP: 23/23 MP: 1/1
   112 | D:1      | Reached XP level 2. HP: 24/29 MP: 2/2
   551 | D:2      | Reached XP level 3. HP: 30/35 MP: 3/3
   567 | D:2      | Reached skill level 1 in Invocations
   868 | D:2      | Reached skill level 1 in Short Blades
   868 | D:2      | Reached skill level 1 in Axes
   868 | D:2      | Reached skill level 1 in Maces & Flails
   868 | D:2      | Reached skill level 1 in Polearms
   868 | D:2      | Reached skill level 1 in Staves
   868 | D:2      | Reached skill level 1 in Slings
   868 | D:2      | Reached skill level 1 in Bows
   868 | D:2      | Reached skill level 1 in Crossbows
   868 | D:2      | Reached skill level 1 in Throwing
   868 | D:2      | Reached skill level 1 in Dodging
   868 | D:2      | Reached skill level 1 in Stealth
   868 | D:2      | Reached skill level 1 in Unarmed Combat
   868 | D:2      | Reached skill level 1 in Spellcasting
   868 | D:2      | Reached skill level 1 in Evocations
   868 | D:2      | Reached XP level 4. HP: 21/41 MP: 5/5
   903 | D:2      | Reached skill level 1 in Conjurations
   903 | D:2      | Reached skill level 1 in Hexes
   903 | D:2      | Reached skill level 1 in Charms
   903 | D:2      | Reached skill level 1 in Summonings
   903 | D:2      | Reached skill level 1 in Necromancy
   903 | D:2      | Reached skill level 1 in Translocations
   903 | D:2      | Reached skill level 1 in Transmutations
   903 | D:2      | Reached skill level 1 in Fire Magic
   903 | D:2      | Reached skill level 1 in Ice Magic
   903 | D:2      | Reached skill level 1 in Air Magic
   903 | D:2      | Reached skill level 1 in Earth Magic
   903 | D:2      | Reached skill level 1 in Poison Magic
   903 | D:2      | Reached XP level 5. HP: 10/47 MP: 6/6
  1783 | D:3      | Reached XP level 6. HP: 53/53 MP: 8/8
  2698 | D:4      | Noticed a phantom
  2738 | D:4      | Killed a phantom
  2738 | D:4      | Reached skill level 5 in Long Blades
  2767 | D:4      | Reached XP level 7. HP: 53/59 MP: 10/10
  3779 | D:5      | Entered Level 5 of the Dungeon
  3871 | D:5      | Found a staircase to the Ecumenical Temple.
  3879 | Temple   | Entered the Ecumenical Temple
  3945 | Temple   | Became a worshipper of Ashenzari the Shackled
  5178 | D:6      | Slain by an orc warrior

Levels and vault maps discovered:
D:1:      dpeg_arrival_more_subterranean_lakeside_camping, layout_rooms,
          serial_rivers, chequers_serial_rivers_small_a,
          chequers_serial_rivers_small_a, chequers_serial_rivers_micro_b,
          chequers_serial_rivers_micro_c, chequers_serial_rivers_marsh,
          chequers_serial_rivers_small_a
D:2:      layout_basic, kennysheep_generic_room_9
D:3:      layout_loops_corners, minmay_gold_behind_fungi
D:4:      layout_loops_corners, minmay_misc_feat_chi
D:5:      layout_layer_cave, minmay_temple_entry_arrows,
          lightli_ossuary_entry_decrepit_ruins, first_ration, st_stairs_7
D:6:      layout_loops_cross, zin_scriptorium, serial_shops, nicolae_shop_trees,
          nicolae_dithmenos_through_a_glass_darkly, uniq_edmund
Temple:   roderic_octagonal_lattice_temple

Skill      XL: |  1  2  3  4  5  6  7 |
---------------+----------------------+-----
Invocations    | 1 2 3 |  3.0
Short Blades   | 1 2 |  2.6
Axes           | 1 2 |  2.6
Maces & Flails | 1 2 |  2.6
Polearms       | 1 2 |  2.6
Staves         | 1 2 |  2.6
Slings         | 1 2 |  2.6
Bows           | 1 2 |  2.6
Crossbows      | 1 2 |  2.6
Throwing       | 1 2 |  2.6
Dodging        | 1 2 |  2.6
Stealth        | 1 2 |  2.6
Unarmed Combat | 1 2 |  2.6
Spellcasting   | 1 2 |  2.6
Evocations     | 1 2 |  2.6
Conjurations   | 1 2 |  2.1
Hexes          | 1 2 |  2.1
Charms         | 1 2 |  2.1
Summonings     | 1 2 |  2.1
Necromancy     | 1 2 |  2.1
Translocations | 1 2 |  2.1
Transmutations | 1 2 |  2.1
Fire Magic     | 1 2 |  2.1
Ice Magic      | 1 2 |  2.1
Air Magic      | 1 2 |  2.1
Earth Magic    | 1 2 |  2.1
Poison Magic   | 1 2 |  2.1
Long Blades    | 5 |  5.3
Fighting       | 7 |  7.1
Armour         | 7 |  7.1
Shields        | 7 |  7.1

Action                   |  1- 3 |  4- 6 |  7- 9 || total
-------------------------+-------+-------+-------++-------
Melee: Long sword        |    19 |       |       ||    19
       Bite              |     2 |       |       ||     2
 Fire: Hunting sling     |    96 |   229 |   157 ||   482
  Use: Scroll            |       |       |    10 ||    10
  Eat: Chunk             |       |     6 |     7 ||    13
Armor: Scale mail        |    27 |    31 |    37 ||    95
Dodge: Dodged            |    14 |    34 |    34 ||    82
Block: Shield            |    34 |    52 |    69 ||   155
       Rpst.: Long sword |     2 |       |       ||     2

Table legend:
 A = Non-vault XP
 B = Vault XP
 C = Vault XP percentage of total XP
 D = Non-vault monster count
 E = Vault monster count
 F = Vault count percentage of total count
                 A         B        C        D         E       F
            +---------+---------+-------+---------+---------+-------
      Total |    1090 |       4 |   0.4 |     102 |       3 |   2.9
            +---------+---------+-------+---------+---------+-------
        D:1 |      27 |       0 |   0.0 |      19 |       0 |   0.0
        D:2 |     159 |       3 |   1.9 |      33 |       2 |   5.7
        D:3 |     244 |       0 |   0.0 |      25 |       0 |   0.0
        D:4 |     389 |       0 |   0.0 |      13 |       0 |   0.0
        D:5 |     271 |       1 |   0.4 |      12 |       1 |   7.7
            +---------+---------+-------+---------+---------+-------
